 Dungeon Crawl Stone Soup version 0.32-a0-7-ge934b4519a (webtiles) character file.

Game seed: 587482049420054142

1841 wetbulb the Spear-Bearer (level 9, -1/74 HPs)
             Began as a Merfolk Gladiator on Jan 14, 2024.
             Succumbed to a kobold brigand's curare-tipped dart
             ... on level 9 of the Dungeon.
             The game lasted 00:55:33 (6487 turns).

wetbulb the Spear-Bearer (Merfolk Gladiator)        Turns: 6487, Time: 00:55:33

Health: -1/74      AC: 12    Str: 18    XL:     9   Next: 12%
Magic:  9/9        EV:  9    Int: 13    God:
Gold:   211        SH:  0    Dex: 16    Spells: 8/8 levels left

rFire   . . .        l - +6 broad axe "Demonslayer" {freeze, rC+}
rCold   + . .        (no shield)
rNeg    . . .        h - +0 chain mail
rPois   .            c - +1 helmet
rElec   .            (no cloak)
rCorr   .            (no gloves)
SInv    .            m - +1 pair of boots
Will    .....        (no amulet) Stlth
                     i - +6 ring of intelligence
HPRegen 0.32/turn    (no ring)
MPRegen 0.11/turn

%: no passive effects
@: lethally poisoned (-1 -> -6), hasted and slowed
A: (nimble swimmer 2), mertail
a: no special abilities


You were on level 9 of the Dungeon.
You visited 2 branches of the dungeon, and saw 9 of its levels.

You collected 307 gold pieces.
You spent 96 gold pieces at shops.

Inventory:

Hand Weapons
 a - a +0 trident
 b - a +1 falchion of holy wrath
 l - the +6 broad axe "Demonslayer" (weapon) {freeze, rC+}
   (You found it on level 2 of the Dungeon)

   rC+:       It protects you from cold.
Missiles
 d - 3 throwing nets
 e - a javelin
 p - 2 poisoned darts (quivered)
Armour
 c - a +1 helmet (worn)
 h - a +0 chain mail (worn)
 m - a +1 pair of boots (worn)
Jewellery
 i - a +6 ring of intelligence (left hand)
Talismans
 f - a beast talisman
 q - a blade talisman
Wands
 t - a wand of flame (21)
Scrolls
 k - a scroll of poison


   Skills:
 - Level 8.0 Fighting
 + Level 12.4 Polearms
 - Level 2.0 Throwing
 - Level 4.0 Dodging


You had 8 spell levels left.
You didn't know any spells.
Your spell library contained the following spells:

 Spells                   Type           Power      Damage    Failure   Level
 Blink                    Tloc           0%         N/A       99%         2
 Lesser Beckoning         Tloc           0%         N/A       99%         2
 Momentum Strike          Conj/Tloc      0%         3d8       99%         2
 Sublimation of Blood     Necr           0%         N/A       99%         2
 Inner Flame              Hex/Fire       0%         N/A       100%        3
 Flame Wave               Conj/Fire      0%         2d4       100%        4
 Petrify                  Alch/Erth      0%         N/A       100%        4
 Sticky Flame             Fire/Alch      0%         2d4       100%        4
 Irradiate                Conj/Alch      0%         3d11      100%        5


Dungeon Overview and Level Annotations

Branches:
Dungeon (9/15)             Temple (1/1) D:4
   Lair: D:8-11         Orc: D:9-12

Altars:
Ashenzari
Cheibriados
Dithmenos
Fedhas
Gozag
Kikubaaqudgha
Makhleb
Nemelex Xobeh
Okawaru
Qazlal
Sif Muna
Trog
Uskayaw
Vehumet
Wu Jian
Yredelemnul
Zin
The Shining One
Lugonu

Shops:
D:4 !   D:9 *

Annotations:
D:3 1 runed translucent door, zenocrate's ghost, amateur VSEn


Innate Abilities, Weirdness & Mutations

((You are very nimble when in or above water. (Stealth+, EV+, Speed+++)))
Your lower body shifts to a powerful aquatic tail in water.


Message History

You feel as though you will be slow longer.
* * * LOW HITPOINT WARNING * * *
You feel very sick.
* * * LOW HITPOINT WARNING * * *
You feel very sick.
* * * LOW HITPOINT WARNING * * *
You feel very sick.
You are confused.
You feel invigorated.
* * * LOW HITPOINT WARNING * * *
You feel very sick.
It was a potion of haste.
You feel yourself speed up.
You feel sick.
The kobold brigand throws a curare-tipped dart.
The curare-tipped dart hits you.
You are lethally poisoned!
You have difficulty breathing.
* * * LOW HITPOINT WARNING * * *
You feel as though you will be slow longer.
You bump into the rock wall.
* * * LOW HITPOINT WARNING * * *
You feel very sick.
A kobold comes into view. It is wielding a +0 club.
* * * LOW HITPOINT WARNING * * *
You feel very sick.
You're too confused to aim your attacks!
You bump into the rock wall.
* * * LOW HITPOINT WARNING * * *
You feel very sick.
The kobold shouts!
You hear a shout!
You bump into the rock wall.
You feel less invigorated.
You feel less confused.
* * * LOW HITPOINT WARNING * * *
You feel sick.
A kobold comes into view. It is wielding a +0 short sword.
* * * LOW HITPOINT WARNING * * *
You feel very sick.
* * * LOW HITPOINT WARNING * * *
You feel sick.
An orc comes into view. It is wielding a +0 club.
You die...

..........K........#
.................(..
##........K..##.....
##..#.###..## ##..#
#.######K## ##.#
..###....#####.. #
.#.............
............##.
.......@.....# ...
.............# ..
............### .##
####........... ..
###......##. . ##
#......## # #.#
##.......### ####....##
##.....o..#.##
.#....#...###............#


You could see a kobold brigand, an orc (wandering) and a kobold.

Vanquished Creatures
  A troll (D:9)
  A water moccasin (D:5)
  Duvessa (D:5)
  An orc warrior (D:9)
  3 ice beasts
  A black bear (D:9)
  A wight (D:9)
  Dowan (D:5)
  3 killer bees (D:9)
  A howler monkey (D:5)
  2 jellies
  2 orc priests
  A bombardier beetle (D:6)
  A hound (D:4)
  3 sleepcaps
  5 orc wizards
  3 iguanas
  11 adders
  2 ufetubi (D:5)
  A dart slug (D:3)
  4 ribbon worms
  17 orcs
  11 ball pythons
  7 bats
  5 endoplasms
  4 giant cockroaches
  6 goblins
  8 hobgoblins
  5 jackals
  5 quokkas
  2 frilled lizards (D:2)
  11 kobolds
  10 rats
140 creatures vanquished.

Notes
Turn   | Place    | Note
-------+----------+-------------------------------------------
     0 | D:1      | wetbulb the Merfolk Gladiator began the quest for the Orb.
     0 | D:1      | Reached XP level 1. HP: 16/16 MP: 1/1
   182 | D:1      | Reached XP level 2. HP: 23/23 MP: 2/2
   614 | D:1      | Found a faded altar of an unknown god.
   642 | D:1      | Reached XP level 3. HP: 29/29 MP: 3/3
  1528 | D:2      | Reached XP level 4. HP: 37/37 MP: 4/4
  1547 | D:2      | Identified the +6 broad axe "Demonslayer" {freeze, rC+}
  1668 | D:2      | Reached skill level 5 in Polearms
  2520 | D:3      | Reached XP level 5. HP: 43/43 MP: 5/5
  2635 | D:3      | Reached skill level 5 in Fighting
  2860 | D:3      | Found a runed translucent door.
  2932 | D:3      | Noticed zenocrate's ghost (amateur VSEn)
  3140 | D:3      | Reached skill level 6 in Polearms
  3370 | D:4      | Found a shadowy altar of Dithmenos.
  3377 | D:4      | Found an ancient bone altar of Kikubaaqudgha.
  3424 | D:4      | Noticed a black bear
  3466 | D:4      | Reached XP level 6. HP: 39/51 MP: 6/6
  3642 | D:4      | Found Wuyqes's Distillery.
  3649 | D:4      | Bought a potion of heal wounds for 60 gold pieces
  3649 | D:4      | Bought a potion of curing for 36 gold pieces
  4178 | D:4      | Reached skill level 7 in Polearms
  4422 | D:4      | Reached XP level 7. HP: 51/58 MP: 7/7
  4486 | D:4      | Found a staircase to the Ecumenical Temple.
  4500 | Temple   | Entered the Ecumenical Temple
  4718 | D:5      | Entered Level 5 of the Dungeon
  4781 | D:5      | Noticed Dowan
  4781 | D:5      | Noticed Duvessa
  4803 | D:5      | Killed Duvessa
  4813 | D:5      | Killed Dowan
  4954 | D:5      | Reached skill level 8 in Polearms
  5074 | D:5      | Found a glowing golden altar of the Shining One.
  5310 | D:5      | Found a hide-covered altar of Uskayaw.
  5313 | D:5      | Found a radiant altar of Vehumet.
  5315 | D:5      | Found a burning altar of Makhleb.
  5415 | D:5      | Reached XP level 8. HP: 59/67 MP: 8/8
  5430 | D:5      | Reached skill level 9 in Polearms
  5656 | D:5      | Found an iron altar of Okawaru.
  5658 | D:5      | Found a sparkling altar of Nemelex Xobeh.
  6090 | D:6      | Reached skill level 10 in Polearms
  6139 | D:6      | Found a blossoming altar of Fedhas.
  6189 | D:6      | You fall into a shaft and drop 3 floors!
  6192 | D:9      | Noticed a troll
  6224 | D:9      | Killed a troll
  6229 | D:9      | Reached skill level 11 in Polearms
  6363 | D:9      | Found Uschapse's Lightly-Used Armoury.
  6401 | D:9      | Reached skill level 12 in Polearms
  6401 | D:9      | Reached XP level 9. HP: 53/74 MP: 9/9
  6478 | D:9      | HP: 1/74 [poisoned by a kobold brigand (curare-tipped
                  | dart)]
  6483 | D:9      | HP: 1/74 [poisoned by a kobold brigand (curare-tipped
                  | dart)]
  6487 | D:9      | Succumbed to a kobold brigand's curare-tipped dart

Illustrated notes

Levels and vault maps discovered:
D:1:      elethiomel_arrival_diamonds, layout_loops_corners,
          chequers_ecumenical_altar_island, minmay_split_cup_large
D:2:      layout_basic
D:3:      layout_loops_ring, ebering_ghost_sewer_d, uniq_crazy_yiuf_cottage
D:4:      layout_cave_pods, jmf_multi_god_temple2,
          minmay_temple_entry_statues_pillars, serial_shops,
          nicolae_shop_temple_entry_statues_fountains,
          minmay_misc_feat_more_columns, minmay_snake_closets
D:5:      layout_loops_ring, mainiacjoe_overflow_chevrons,
          nicolae_overflow_hidden_temple, kennysheep_generic_room_12,
          uniq_duvessa
D:6:      layout_loops_ring, fedhas_altar_3, serial_shops, shop, uniq_pikel
D:8:      layout_basic
D:9:      layout_cave_pools, mainiacjoe_overflow_tiny_flanked,
          mainiacjoe_overflow_alcove_4, minmay_shop_damaged, eino_tiny_chamber,
          kennysheep_decorative_pillar
Temple:   corrupted_temple

Skill      XL: |  1  2  3  4  5  6  7  8 |
---------------+-------------------------+-----
Fighting       | 3 4 5 6 7 8 |  8.0
Polearms       | 5 6 7 8 12 | 12.4
Throwing       | |  2.0
Dodging        | |  4.0

Action                     |  1- 3 |  4- 6 |  7- 9 || total
---------------------------+-------+-------+-------++-------
  Melee: Trident           |   124 |   251 |   137 ||   512
         Punch             |     1 |     2 |     2 ||     5
         Tailslap          |     1 |       |       ||     1
         Broad axe         |       |       |    44 ||    44
  Throw: Throwing net      |       |     1 |       ||     1
         Dart              |       |       |     5 ||     5
    Use: Scroll            |       |     4 |     6 ||    10
         Potion            |       |       |     8 ||     8
   Stab: Held in net/web   |       |     2 |       ||     2
 Armour: Leather armour    |    27 |       |       ||    27
         Chain mail        |    29 |   137 |   226 ||   392
  Dodge: Dodged            |    48 |    69 |   111 ||   228

Table legend: (Time is in decaauts)
 A = Elapsed time spent in this place.
 B = Non-inter-level travel time spent in this place.
 C = Inter-level travel time spent in this place.
 D = Time resting spent in this place.
 E = Time spent auto-exploring this place.
 F = Levels seen in this place.
 G = Mean time per level.
                   A        B        C        D        E       F      G
               +--------+--------+--------+--------+--------+-----+--------+
         Total |   6481 |   6277 |    204 |    247 |   4296 |   9 |  720.1 |
       Dungeon |   6448 |   6244 |    204 |    247 |   4296 |   8 |  806.0 |
        Temple |     32 |     32 |      0 |      0 |      0 |   1 |   32.0 |
               +--------+--------+--------+--------+--------+-----+--------+

Top non-repeatable levels by time:
     D:4: 1302 daAuts
     D:2: 1197 daAuts
     D:3: 1113 daAuts
     D:5: 1100 daAuts
     D:1: 1064 daAuts
     D:6: 358 daAuts
     D:9: 308 daAuts
  Temple: 32 daAuts
     D:8: 4 daAuts
